 Dungeon Crawl Stone Soup version 0.28-a0-1236-gb25a51b929 (webtiles) character file.

Game seed: 16216440630421609790

7 croobank the Gusty (level 1, 0/14 HPs)
             Began as a Demigod Air Elementalist on Dec 25, 2021.
             Slain by an endoplasm (1 damage)
             ... on level 1 of the Dungeon.
             The game lasted 00:02:07 (522 turns).

croobank the Gusty (Demigod Air Elementalist)        Turns: 522, Time: 00:02:08

Health: 0/14       AC:  2    Str:  9    XL:     1   Next: 73%
Magic:  1/5        EV: 12    Int: 17    God:
Gold:   21         SH:  0    Dex: 14    Spells: 2/3 levels left

rFire   . . .      SeeInvis .   (no weapon)
rCold   + . .      Faith    .   (no shield)
rNeg    . . .      Spirit   .   a - +0 robe
rPois   .          Reflect  .   (no helmet)
rElec   .          Harm     .   (no cloak)
rCorr   .          Rampage  .   (no gloves)
Will    .....                   (no boots)
Stlth   ++........              (no amulet)
HPRegen 0.04/turn               e - ring of protection from cold
MPRegen 0.09/turn               (no ring)

@: very slightly contaminated, hasted, very quick
A: high mp 1, forlorn, divine attributes
a: no special abilities


You were on level 1 of the Dungeon.
You visited 1 branch of the dungeon, and saw 1 of its levels.

You collected 21 gold pieces.

Inventory:

Missiles
 c - 18 stones
Armour
 a - a +0 robe (worn)
Jewellery
 e - a ring of protection from cold (left hand)
Scrolls
 d - 2 scrolls of teleportation {unknown}


   Skills:
 + Level 1.9 Dodging
 + Level 1.9 Stealth
 + Level 1.9 Spellcasting
 + Level 1.1 Conjurations
 + Level 2.8 Air Magic


You had 2 spell levels left.
You knew the following spells:

 Your Spells              Type           Power      Damage    Failure   Level
a - Shock                 Conj/Air       32%        1d5       9%          1

Your spell library contained the following spells:

 Spells                   Type           Power      Damage    Failure   Level
 Static Discharge         Conj/Air       8%         N/A       13%         2
 Swiftness                Air            11%        N/A       19%         3
 Airstrike                Air            5%         N/A       52%         4


Dungeon Overview and Level Annotations

Branches:
Dungeon (1/15)


Innate Abilities, Weirdness & Mutations

You have an increased reservoir of magic. (+10% MP)
You shall have no god before yourself.
Your divine heritage dramatically boosts your attributes as you level up.


Message History

Confirm with . or Enter, or press ? or * to list all spells.
Aiming: Shock (safe; 9% risk of failure)
Press: ? - help, Shift-Dir - straight line, f/p - hobgoblin
Aim: a hobgoblin (heavily wounded, 68% to hit)
You miscast Shock.
Nothing appears to happen.
Casting: Shock (safe; 9% risk of failure)
Confirm with . or Enter, or press ? or * to list all spells.
You don't have enough magic to cast this spell.
You hit the hobgoblin.
The hobgoblin is severely wounded.
The hobgoblin hits you.
You hit the hobgoblin but do no damage.
The hobgoblin is severely wounded.
The hobgoblin hits you. The endoplasm misses you.
You completely miss the hobgoblin.
The hobgoblin is severely wounded.
The hobgoblin closely misses you. The endoplasm freezes you.
You are frozen.
You resist.
You closely miss the hobgoblin.
The hobgoblin is severely wounded.
The hobgoblin hits you.
The endoplasm hits you but does no damage.
You hit the hobgoblin but do no damage.
The hobgoblin is severely wounded.
The hobgoblin closely misses you. The endoplasm freezes you.
You are frozen.
You resist.
You hit the hobgoblin.
The hobgoblin is almost dead.
The hobgoblin misses you.
The endoplasm hits you but does no damage.
You closely miss the hobgoblin.
The hobgoblin is almost dead.
The hobgoblin barely misses you. The endoplasm hits you.
* * * LOW HITPOINT WARNING * * *
It was a potion of haste.
You feel yourself speed up. The hobgoblin hits you.
* * * LOW HITPOINT WARNING * * *
The endoplasm hits you.
You die...

## .# .. . #. .
#.####$# ## ....#.#..
##>## ...... #....##
###gJ# ...⌠..# #..@.#
.⌠..... #.##.##
....⌠..#######.##..##.
.......#...##.........
.#########..#.........
## ##.>..........#
##...........# #
##..........# #
##.........


You could see an endoplasm and a hobgoblin.

Vanquished Creatures
  A bat (D:1)
  A giant cockroach (D:1)
  A goblin (D:1)
  2 hobgoblins (D:1)
  A frilled lizard (D:1)
6 creatures vanquished.

Notes
Turn   | Place    | Note
-------+----------+-------------------------------------------
     0 | D:1      | croobank the Demigod Air Elementalist began the quest for
                  | the Orb.
     0 | D:1      | Reached XP level 1. HP: 14/14 MP: 5/5
   324 | D:1      | Reached skill level 1 in Conjurations
   522 | D:1      | Slain by an endoplasm

Illustrated notes

Levels and vault maps discovered:
D:1:      dpeg_arrival_leaves_temple_mockup, layout_rooms,
          shapermc_ecumenical_altar_starsandcircs, minmay_liquid_box,
          minivault_19

Skill      XL: |  1 |
---------------+----+-----
Conjurations   | 1 |  1.1
Dodging        | |  1.9
Stealth        | |  1.9
Spellcasting   | |  1.9
Air Magic      | |  2.8

Action                   || total
-------------------------++-------
Melee: Unarmed           ||    17
 Cast: Shock             ||    15
  Use: Potion            ||     1
Armor: Robe              ||     3
Dodge: Dodged            ||    14

Table legend: (Time is in decaauts)
 A = Elapsed time spent in this place.
 B = Non-inter-level travel time spent in this place.
 C = Inter-level travel time spent in this place.
 D = Time resting spent in this place.
 E = Time spent auto-exploring this place.
 F = Levels seen in this place.
 G = Mean time per level.
                   A        B        C        D        E       F      G
               +--------+--------+--------+--------+--------+-----+--------+
         Total |    522 |    522 |      0 |    305 |    125 |   1 |  522.0 |
       Dungeon |    522 |    522 |      0 |    305 |    125 |   1 |  522.0 |
               +--------+--------+--------+--------+--------+-----+--------+

Top non-repeatable levels by time:
     D:1: 522 daAuts
